 Dungeon Sprint DCSS version 0.31.0-12-g77e489cdc1 (webtiles) character file.

Game seed: 4068526041593173506

1200000 Kallu the Executioner (level 14, -10/85 HPs)
             Began as a Djinni Warper on Feb 14, 2024.
             Was a Believer of Makhleb.
             Mangled by a meat berserker
             ... wielding a +9 battleaxe
              (52 damage)
             ... in the Dungeon (Sprint VIII: "Arena of Blood").
             The game lasted 00:00:34 (12 turns).

Kallu the Executioner (Djinni Warper)                 Turns: 12, Time: 00:00:34

Health: -10/85     AC:  3    Str: 10    XL:     14   Next: 47%
Gold:   0          EV: 11    Int: 21    God:    Makhleb [**....] SH:  0 Dex: 12

rFire   + + .        h - +∞ Axe of Woe
rCold   x . .        (shield currently unavailable)
rNeg    . . .        a - +0 leather armour
rPois   ∞            (no helmet)
rElec   .            (no cloak)
rCorr   .            (no gloves)
SInv    .            (boots unavailable)
Will    +....        (no amulet)
Stlth   +            (no ring)
HPRegen 0.34/turn    (no ring)
MPRegen 0.00/turn

%: no teleportation, infuse magic (-11 HP)
@: flying
A: sickness immunity, fire resistance 2, cold vulnerability 1, float, innate
caster, HP casting, extra vitality 1
a: Renounce Religion, Minor Destruction


You were in the Dungeon.
You worshipped Makhleb.
Makhleb was pleased with you.
You visited 1 branch

Inventory:

Hand Weapons
 h - the +∞ Axe of Woe (weapon)
   (You found it in the Dungeon)
Missiles
 c - 7 darts of dispersal (quivered)
Armour
 a - a +0 leather armour (worn)
Jewellery
 i - a +30 ring of slaying
Scrolls
 b - 2 scrolls of blinking
Potions
 d - a potion of curing
 e - a potion of heal wounds
 f - a potion of haste
 g - a potion of berserk rage


   Skills:
 - Level 2.0 Fighting
 * Level 24.4 Axes
 - Level 0.7 Throwing
 - Level 1.0 Armour
 - Level 2.1 Dodging
 - Level 2.0 Unarmed Combat
 + Level 18.9 Spellcasting
 + Level 18.9 Conjurations
 + Level 18.9 Hexes
 + Level 18.9 Summonings
 + Level 18.9 Necromancy
 + Level 18.9 Translocations
 + Level 18.9 Fire Magic
 + Level 18.9 Ice Magic
 + Level 18.9 Air Magic
 + Level 18.9 Earth Magic
 + Level 18.9 Alchemy


You knew the following spells:

 Your Spells              Type           Power      Damage    Failure   Level
a - Blink                 Tloc           100%       N/A       0%          2
b - Lesser Beckoning      Tloc           100%       N/A       0%          2
c - Teleport Other        Tloc           79%        N/A       0%          3
d - Manifold Assault      Tloc           79%        N/A       0%          4
e - Vhi's Electric Charg  Tloc/Air       100%       N/A       0%          4
f - Slow                  Hex            100%       N/A       0%          1
g - Searing Ray           Conj           100%       2d8       0%          2
h - Volatile Blastmotes   Fire/Tloc      100%       2d18      0%          3
i - Dispel Undead         Necr           79%        3d26      0%          4
j - Iskenderun's Mystic   Conj/Tloc      79%        2d16      0%          4
k - Yara's Violent Unrav  Hex/Alch       39%        3d16      1%          5
Your spell library was empty.

Dungeon Overview and Level Annotations

Branches:
Dungeon (1/1)

Altars:
Makhleb


Innate Abilities, Weirdness & Mutations

You are immune to sickness and miasma.
You are immune to poison.
Your flesh is very heat resistant. (rF++)
You are vulnerable to cold. (rC-)
You float through the air rather than walking.
You learn spells naturally, not from books.
Your magical power is your life essence.
You have superior vitality. (+4 MHP)


Message History

A meat berserker and 6 bags of meat come into view.
The bag of meat shouts! x6; The meat berserker shouts!
The bag of meat shouts!
You open the bag of meat like a pillowcase and electrocute it!!!
You fatally mangle the bag of meat.
You kill the bag of meat!
Makhleb accepts your kill.
You hear a shout!
A bag of meat comes into view. It is wielding a +9 war axe.
The meat berserker hits you with a +9 battleaxe!!!!
Ouch! That really hurt!
* * * LOW HITPOINT WARNING * * *
Your Axes skill increases to level 24!
Unknown command.
Unknown command.
Casting: Vhi's Electric Charge (safe; 0% risk of failure)
Confirm with . or Enter, or press ? or * to list all spells.
Charge where?
Press: ? - help, Dir - move target, f - bag of meat
Aim: a bag of meat, wielding a +9 war axe and wearing a +30 ring of slaying (100% to hit)
You charge forward with an electric crackle!
A bag of meat comes into view. It is wielding a +9 war axe.
Found a jade ring.
The bag of meat shouts!
You cut the bag of meat into ribbons and electrocute it!!!
You cleave the bag of meat in twain.
You kill the bag of meat!
Makhleb accepts your kill.
You can now harness Makhleb's destructive might.
You hit the bag of meat.
You cleave the bag of meat in twain.
You kill the bag of meat!
Makhleb accepts your kill.
You feel better.
You slash the bag of meat!
You fatally mangle the bag of meat.
You kill the bag of meat!
Makhleb accepts your kill.
You feel better.
You hear a shout! x2
A bag of meat comes into view. It is wielding a +9 war axe.
The meat berserker hits you with a +9 battleaxe!!!
Ouch! That really hurt!
You die...

##### #### ###....
.=. ....... ..
.......##.# .##
......o. ...
####.o...##.##.
......oO..o..o.o.
#.o.o.o@o..#.#..o
#o....oo.........
o#.....§......o..
..#....§O.Oo.....
........§..o.....
........§).......
......#..§....#
#o....#Oo.....#
....###.§.....###.


You could see 4 meat berserkers and 18 bags of meat.

Vanquished Creatures
  An ogre (D)
  7 orcs (D)
8 creatures vanquished.

Notes
Turn   | Place    | Note
-------+----------+-------------------------------------------
     0 | D        | Found the +∞ Axe of Woe
     0 | D        | Kallu the Djinni Warper began the quest for the Orb.
     0 | D        | Kallu set off with the following spells memorised: Blink,
                  | Lesser Beckoning, Teleport Other, Manifold Assault, Vhi's
                  | Electric Charge.
     0 | D        | Reached XP level 1. HP: 18/18 MP: 0/0
     2 | D        | Noticed a bag of meat
     2 | D        | Killed a bag of meat
     2 | D        | Noticed a bag of meat
     2 | D        | Noticed a bag of meat
     2 | D        | Noticed a bag of meat
     3 | D        | Reached skill level 17 in Axes
     3 | D        | Reached XP level 2. HP: 23/23 MP: 0/0
     3 | D        | Reached XP level 3. HP: 28/28 MP: 0/0
     3 | D        | Learned a level 1 spell: Slow
     3 | D        | Reached XP level 4. HP: 33/33 MP: 0/0
     3 | D        | Reached XP level 5. HP: 38/38 MP: 0/0
     3 | D        | Learned a level 2 spell: Searing Ray
     3 | D        | Reached XP level 6. HP: 43/43 MP: 0/0
     3 | D        | Reached XP level 7. HP: 49/49 MP: 0/0
     3 | D        | Learned a level 3 spell: Volatile Blastmotes
     3 | D        | Reached XP level 8. HP: 54/54 MP: 0/0
     3 | D        | Reached XP level 9. HP: 58/58 MP: 0/0
     3 | D        | Learned a level 4 spell: Dispel Undead
     3 | D        | Reached XP level 10. HP: 64/64 MP: 0/0
     3 | D        | Reached XP level 11. HP: 68/68 MP: 0/0
     3 | D        | Learned a level 4 spell: Iskenderun's Mystic Blast
     5 | D        | Noticed a meat berserker
     6 | D        | Became a worshipper of Makhleb the Destroyer
     7 | D        | Noticed a bag of meat
     7 | D        | Noticed a meat berserker
     7 | D        | Noticed a meat berserker
     7 | D        | Noticed a bag of meat
     8 | D        | Noticed a bag of meat
     8 | D        | Noticed a meat berserker
     9 | D        | Killed a meat berserker
     9 | D        | Noticed a meat berserker
     9 | D        | Noticed a meat berserker
     9 | D        | Noticed a bag of meat
     9 | D        | Noticed a bag of meat
     9 | D        | Noticed a bag of meat
    10 | D        | Reached skill level 21 in Axes
    10 | D        | Reached skill level 15 in Spellcasting
    10 | D        | Reached skill level 15 in Conjurations
    10 | D        | Reached skill level 15 in Hexes
    10 | D        | Reached skill level 15 in Summonings
    10 | D        | Reached skill level 15 in Necromancy
    10 | D        | Reached skill level 15 in Translocations
    10 | D        | Reached skill level 15 in Fire Magic
    10 | D        | Reached skill level 15 in Ice Magic
    10 | D        | Reached skill level 15 in Air Magic
    10 | D        | Reached skill level 15 in Earth Magic
    10 | D        | Reached skill level 15 in Alchemy
    10 | D        | Reached XP level 12. HP: 70/74 MP: 0/0
    10 | D        | Reached XP level 13. HP: 74/78 MP: 0/0
    10 | D        | Learned a level 5 spell: Yara's Violent Unravelling
    10 | D        | Noticed a bag of meat
    10 | D        | Noticed a bag of meat
    10 | D        | Noticed a bag of meat
    10 | D        | Noticed a bag of meat
    10 | D        | Noticed a bag of meat
    10 | D        | Noticed a bag of meat
    10 | D        | Killed a bag of meat
    10 | D        | Reached * piety under Makhleb
    10 | D        | Killed a bag of meat
    10 | D        | Noticed a bag of meat
    10 | D        | Noticed a bag of meat
    10 | D        | Noticed a bag of meat
    10 | D        | Noticed a bag of meat
    11 | D        | Reached skill level 23 in Axes
    11 | D        | Reached XP level 14. HP: 85/85 MP: 0/0
    11 | D        | Noticed a bag of meat
    11 | D        | Noticed a bag of meat
    11 | D        | Noticed a bag of meat
    11 | D        | Noticed a bag of meat
    11 | D        | Noticed a bag of meat
    11 | D        | Noticed a meat berserker
    11 | D        | Noticed a bag of meat
    11 | D        | Killed a bag of meat
    11 | D        | Noticed a bag of meat
    12 | D        | Reached skill level 24 in Axes
    12 | D        | Noticed a bag of meat
    12 | D        | Killed a bag of meat
    12 | D        | Reached ** piety under Makhleb
    12 | D        | Killed a bag of meat
    12 | D        | Killed a bag of meat
    12 | D        | Noticed a bag of meat
    12 | D        | Mangled by a meat berserker

Illustrated notes

Levels and vault maps discovered:
D:        meatsprint

Skill      XL: |  1  2  3  4  5  6  7  8  9 10 11 12 13 14 |
---------------+-------------------------------------------+-----
Axes           | 17 21 23 24 | 24.4
Spellcasting   | 12 15 18 | 18.9
Conjurations   | 12 15 18 | 18.9
Hexes          | 12 15 18 | 18.9
Summonings     | 12 15 18 | 18.9
Necromancy     | 12 15 18 | 18.9
Translocations | 12 15 18 | 18.9
Fire Magic     | 12 15 18 | 18.9
Ice Magic      | 12 15 18 | 18.9
Air Magic      | 12 15 18 | 18.9
Earth Magic    | 12 15 18 | 18.9
Alchemy        | 12 15 18 | 18.9
Fighting       | |  2.0
Throwing       | |  0.7
Armour         | |  1.0
Dodging        | |  2.1
Unarmed Combat | |  2.0

Action                     |  1- 3 |  4- 6 |  7- 9 | 10-12 | 13-15 || total
---------------------------+-------+-------+-------+-------+-------++-------
  Melee: Executioner's axe |     1 |       |       |     1 |     3 ||     5
   Cast: Vhi's Electric Ch |       |       |       |     1 |     3 ||     4
 Armour: Leather armour    |       |       |       |       |     2 ||     2
